[Event "Titled Tuesday Blitz July 20 2021"]
[White "Horobetz, Graham"]
[Black "Porter, Ryan W"]
[WhiteFideId "2047322"]
[BlackFideId "2011239"]
[WhiteElo "2640"]
[BlackElo "2404"]
[Result "1-0"]
[Round "03"]
[TimeControl "180+1"]
[Date "2021.07.21"]
[WhiteClock "0:00:38"]
[BlackClock "0:00:07"]

1. e4 d6 2. d4 Nf6 3. Nc3 g6 4. f4 Bg7 5. Nf3 O-O 6. Bd3 Nc6 7. d5 Nb4 8. O-O Nxd3 9. Qxd3 c6 10. Nd4 cxd5 11. exd5 Qb6 12. Kh1 Nxd5 13. Nxd5 Qxd4 14. Nxe7+ Kh8 15. Qxd4 Bxd4 16. c3 Bc5 17. f5 d5 18. f6 Be6 19. Bh6 Bxe7 20. fxe7 Rfe8 21. Bg5 Rac8 22. Rae1 Kg7 23. Bf6+ Kg8 24. h4 h5 25. Kh2 Rc4 26. Bg5 Rc7 27. Rf4 Rexe7 28. Bxe7 Rxe7 29. Rd4 Rc7 30. Kg3 Kg7 31. Kf4 Kf6 32. g3 a6 33. a4 b6 34. Ra1 a5 35. Ra3 Rc5 36. Rb3 Rc6 37. Rb5 Ke7 38. Kg5 Rd6 39. c4 dxc4 40. Rxd6 Kxd6 41. Rxb6+ Kc5 42. Rb5+ Kd4 43. Rxa5 Ke3 44. Re5+ Kf3 45. a5 1-0


[Site "https://www.chess.com"]

[Event "Titled Tuesday Blitz July 20 2021"]
[White "Howell, David W L"]
[Black "Liyanage, Ranindu Dilshan"]
[WhiteFideId "410608"]
[BlackFideId "9915834"]
[WhiteElo "2643"]
[BlackElo "1839"]
[Result "1-0"]
[Round "03"]
[TimeControl "180+1"]
[Date "2021.07.20"]
[WhiteClock "0:00:15"]
[BlackClock "0:00:07"]

1. e4 e6 2. Qe2 Be7 3. Nf3 d5 4. d3 Nf6 5. g3 O-O 6. Bg2 a5 7. O-O a4 8. a3 c5 9. Re1 Nc6 10. Nbd2 b5 11. h4 Re8 12. Nf1 b4 13. axb4 cxb4 14. e5 Nd7 15. h5 f6 16. exf6 Bxf6 17. Ne3 a3 18. Nxd5 Bb7 19. Nxf6+ Qxf6 20. Ra2 Nd4 21. Nxd4 Bxg2 22. Kxg2 Qxd4 23. Qe4 Qc5 24. bxa3 bxa3 25. Be3 Qd6 26. h6 Nf6 27. Qf3 Rf8 28. hxg7 Kxg7 29. Bf4 Qd5 30. Qxd5 Nxd5 31. Bd6 Rfc8 32. c4 Nc3 33. Be5+ 1-0


[Site "https://www.chess.com"]

[Event "Titled Tuesday Blitz July 20 2021"]
[White "Hryshchenko, Kamila"]
[Black "Triapishko, Alexandr"]
[WhiteFideId "14147491"]
[BlackFideId "14122286"]
[WhiteElo "1966"]
[BlackElo "2490"]
[Result "0-1"]
[Round "03"]
[TimeControl "180+1"]
[Date "2021.07.20"]
[WhiteClock "0:01:19"]
[BlackClock "0:00:51"]

1. e4 c5 2. Nf3 Nc6 3. Nc3 Nf6 4. d4 cxd4 5. Nxd4 e5 6. Ndb5 d6 7. Bg5 a6 8. Na3 b5 9. Nd5 Be7 10. Bxf6 Bxf6 11. c4 b4 12. Nc2 a5 13. g3 O-O 14. Bg2 Bg5 15. O-O g6 16. Kh1 Bh6 17. Qd3 Be6 18. a3 bxa3 19. Rxa3 Bxd5 20. exd5 Nb4 21. Nxb4 axb4 22. Rxa8 Qxa8 23. Qb3 Qa5 24. Rd1 Qc5 25. Kg1 Ra8 26. Bf1 f5 27. Qf3 e4 28. Qe2 b3 29. g4 Rf8 30. gxf5 Rxf5 31. Bh3 Rxf2 32. Be6+ Kg7 33. Qxf2 Be3 34. Rf1 Bxf2+ 35. Rxf2 0-1


[Site "https://www.chess.com"]

[Event "Titled Tuesday Blitz July 20 2021"]
[White "Ibrahimli, Murad"]
[Black "Daianu, Cristian-Clement"]
[WhiteFideId "13410229"]
[BlackFideId "1208926"]
[WhiteElo "2109"]
[BlackElo "2133"]
[Result "1-0"]
[Round "03"]
[TimeControl "180+1"]
[Date "2021.07.21"]
[WhiteClock "0:02:50"]
[BlackClock "0:02:20"]

1. c4 e5 2. Nc3 Nc6 3. Nf3 f5 4. d4 e4 5. Nd2 Nf6 6. e3 Bb4 7. Ndb1 O-O 8. a3 Bxc3+ 9. Nxc3 Kh8 10. d5 Ne5 11. Be2 d6 12. b3 Qe8 13. Nb5 Qf7 14. Bb2 a6 15. Nd4 Qg6 16. g3 Nfg4 17. h3 Nxe3 18. fxe3 Qxg3+ 19. Kd2 f4 20. Qg1 fxe3+ 21. Qxe3 Nf3+ 22. Nxf3 exf3 23. Rag1 1-0


[Site "https://www.chess.com"]

[Event "Titled Tuesday Blitz July 20 2021"]
[White "Indjic, Aleksandar"]
[Black "Rorrer, Grayson"]
[WhiteFideId "911925"]
[BlackFideId "30944996"]
[WhiteElo "2643"]
[BlackElo "2122"]
[Result "1/2-1/2"]
[Round "03"]
[TimeControl "180+1"]
[Date "2021.07.20"]
[WhiteClock "0:00:22"]
[BlackClock "0:00:04"]

1. d4 Nf6 2. c4 e6 3. Nc3 Bb4 4. Qc2 Nc6 5. e3 O-O 6. Bd3 e5 7. Ne2 Re8 8. O-O Bxc3 9. Qxc3 d5 10. b3 Bg4 11. f3 Bh5 12. c5 e4 13. Bc2 exf3 14. gxf3 Qd7 15. Ng3 Bg6 16. Bxg6 hxg6 17. a3 Re6 18. Ra2 Rae8 19. Rg2 Nh5 20. Nxh5 gxh5 21. Kh1 Rg6 22. Rxg6 fxg6 23. Qc2 Qf5 24. Qxf5 gxf5 25. b4 a6 26. Kg2 Kf7 27. Kf2 f4 28. e4 dxe4 29. Bxf4 Nxd4 30. Rd1 Nxf3 31. h3 g5 32. Bxc7 g4 33. hxg4 hxg4 34. Ke3 Ne5 35. Bxe5 Rxe5 36. Kf4 Re6 37. Kxg4 Kf6 38. Kf4 e3 39. Kf3 e2 40. Re1 a5 41. bxa5 Ra6 42. Kxe2 Rxa5 43. Rf1+ Ke5 44. Rb1 Rxa3 45. Rxb7 Kd5 46. Rc7 Rc3 47. Kd2 Rxc5 48. Rd7+ Kc6 49. Rd3 Rd5 50. Rxd5 Kxd5 1/2-1/2


[Site "https://www.chess.com"]

[Event "Titled Tuesday Blitz July 20 2021"]
[White "Iskusnyh, Sergei"]
[Black "Dolzhykova, Kateryna"]
[WhiteFideId "4120027"]
[BlackFideId "14113414"]
[WhiteElo "2492"]
[BlackElo "2151"]
[Result "1-0"]
[Round "03"]
[TimeControl "180+1"]
[Date "2021.07.21"]
[WhiteClock "0:01:01"]
[BlackClock "0:00:38"]

1. d4 Nf6 2. c4 e6 3. g3 d5 4. Bg2 Be7 5. Nf3 O-O 6. Qc2 c6 7. O-O b6 8. Rd1 Ba6 9. Nbd2 Nbd7 10. e4 dxe4 11. Ng5 h6 12. Ngxe4 Nxe4 13. Nxe4 Rc8 14. b3 Nf6 15. Nc3 Qe8 16. Bb2 c5 17. d5 exd5 18. Nxd5 Nxd5 19. Bxd5 Kh8 20. Re1 Qd8 21. Rad1 Bd6 22. Bf3 f6 23. Re6 Qc7 24. Rexd6 Rcd8 25. Rxd8 Rxd8 26. Rxd8+ Qxd8 27. Qg6 Bc8 28. Be4 Kg8 29. Bxf6 Qf8 30. Bd5+ Kh8 31. Qxh6# 1-0


[Site "https://www.chess.com"]

[Event "Titled Tuesday Blitz July 20 2021"]
[White "Jodorcovsky Werjivker, Paulo"]
[Black "Bartel, Mateusz"]
[WhiteFideId "3700305"]
[BlackFideId "1112635"]
[WhiteElo "2142"]
[BlackElo "2586"]
[Result "0-1"]
[Round "03"]
[TimeControl "180+1"]
[Date "2021.07.21"]
[WhiteClock "0:01:41"]
[BlackClock "0:00:47"]

1. e4 e5 2. Nf3 Nc6 3. Bb5 a6 4. Ba4 d6 5. O-O Bd7 6. Bxc6 bxc6 7. d4 f6 8. dxe5 fxe5 9. Bg5 Be7 10. Bxe7 Nxe7 11. Ng5 O-O 12. Qh5 h6 13. Nh3 Qe8 14. Qh4 Ng6 15. Qh5 Bxh3 16. Qxh3 Nf4 17. Qe3 Qg6 18. g3 d5 19. exd5 cxd5 20. Qxe5 Rae8 21. Qxc7 Rf7 22. Qc5 Re2 23. Nc3 Nh3+ 24. Kg2 Rexf2+ 25. Rxf2 Rxf2+ 26. Qxf2 Nxf2 27. Kxf2 Qxc2+ 28. Ne2 d4 29. Rc1 Qd2 30. Rc8+ Kh7 31. Kf3 Qd3+ 32. Kf2 Qf5+ 0-1


[Site "https://www.chess.com"]

[Event "Titled Tuesday Blitz July 20 2021"]
[White "Kamsky, Gata"]
[Black "Djokic, Mihailo"]
[WhiteFideId "2000024"]
[BlackFideId "976440"]
[WhiteElo "2644"]
[BlackElo "2018"]
[Result "1-0"]
[Round "03"]
[TimeControl "180+1"]
[Date "2021.07.21"]
[WhiteClock "0:00:31"]
[BlackClock "0:00:05"]

1. e4 c5 2. Nf3 d6 3. d4 cxd4 4. Nxd4 Nf6 5. Nc3 g6 6. Be2 Nc6 7. O-O Nxd4 8. Qxd4 Bg7 9. Be3 O-O 10. Qd2 Ng4 11. Bxg4 Bxg4 12. Bd4 Be6 13. Bxg7 Kxg7 14. Qd4+ f6 15. Nd5 Rc8 16. c4 b6 17. b3 Bf7 18. a4 Re8 19. Rad1 Qd7 20. f4 Qc6 21. Kh1 Qc5 22. Qd2 Bxd5 23. exd5 e6 24. dxe6 Rxe6 25. f5 gxf5 26. Rf3 Rce8 27. h3 h6 28. Rdf1 Re2 29. Qd3 Re1 30. Rxf5 Rxf1+ 31. Rxf1 Re3 32. Qd1 Rg3 33. Rf3 Rg5 34. Qf1 Qe5 35. Qf2 Qa1+ 36. Kh2 Qe5+ 37. g3 Kf7 38. Re3 Qc5 39. Qf3 d5 40. h4 Rg6 41. cxd5 Qc2+ 42. Re2 Qc5 43. Qf5 Qd6 44. Re3 Rg8 45. Qh7+ Rg7 46. Qe4 Kg8 47. Qe6+ Qxe6 48. Rxe6 f5 49. Rxh6 Rd7 50. d6 Kf7 51. Rh7+ Ke6 52. Rxd7 Kxd7 53. h5 Kxd6 54. h6 Ke6 55. h7 1-0


[Site "https://www.chess.com"]

[Event "Titled Tuesday Blitz July 20 2021"]
[White "Kazakov, Mikhail"]
[Black "Darini, Pouria"]
[WhiteFideId "14102749"]
[BlackFideId "12502200"]
[WhiteElo "2373"]
[BlackElo "2489"]
[Result "0-1"]
[Round "03"]
[TimeControl "180+1"]
[Date "2021.07.21"]
[WhiteClock "0:00:01"]
[BlackClock "0:00:05"]

1. d4 Nf6 2. c4 g6 3. Nc3 d5 4. cxd5 Nxd5 5. e4 Nxc3 6. bxc3 Bg7 7. Ba3 Nd7 8. Qb3 c5 9. Rd1 O-O 10. Nf3 Rb8 11. Be2 b5 12. O-O Qc7 13. e5 e6 14. Qb1 Re8 15. Ng5 b4 16. cxb4 cxd4 17. f4 Qc3 18. Rd3 Qc7 19. Ne4 Nxe5 20. fxe5 Qxe5 21. Bf3 Ba6 22. Nc5 Qxc5 23. bxc5 Rxb1 24. Rxb1 Bxd3 25. Rc1 Bf8 26. Bb4 e5 27. Bb7 e4 28. Ba5 e3 29. c6 Be4 30. Re1 Bc5 31. Bc7 d3 32. Ba5 d2 0-1


[Site "https://www.chess.com"]

[Event "Titled Tuesday Blitz July 20 2021"]
[White "Kukhmazov, Arsen"]
[Black "Prraneeth Vuppala"]
[WhiteFideId "24108260"]
[BlackFideId "46622373"]
[WhiteElo "2453"]
[BlackElo "1759"]
[Result "1/2-1/2"]
[Round "03"]
[TimeControl "180+1"]
[Date "2021.07.20"]
[WhiteClock "0:00:11"]
[BlackClock "0:00:10"]

1. d4 Nf6 2. c4 e6 3. Nf3 d5 4. e3 b6 5. b3 Bb7 6. Bd3 Nbd7 7. O-O Bd6 8. Bb2 O-O 9. Nc3 a6 10. Qe2 Ne4 11. Nd2 f5 12. f3 Qh4 13. g3 Bxg3 14. hxg3 Nxg3 15. Qh2 Qg5 16. f4 Nxf1+ 17. Kxf1 Qe7 18. cxd5 Nf6 19. Nf3 Nxd5 20. Nxd5 Bxd5 21. Ne5 Rf6 22. Ke2 Rh6 23. Qg3 a5 24. Rg1 a4 25. bxa4 Rxa4 26. a3 g6 27. Rc1 c6 28. Nxc6 Qh4 29. Qxh4 Rxh4 30. Ne7+ Kg7 31. Nxd5 Rh2+ 32. Kf3 Rxb2 33. Nc7 Kf6 34. Rc6 Rxa3 35. Bc4 Rc2 36. Nxe6 Rxc4 37. Rxc4 Kxe6 38. Rc6+ Kf7 39. Rxb6 h5 40. Rb7+ Kf6 41. Rb6+ Kf7 42. Rb7+ Kf6 43. Rh7 Ra2 44. Rh8 Rd2 45. Rb8 Kf7 46. Rb6 h4 47. Rb8 h3 48. Rh8 h2 49. Kg3 Re2 50. Kf3 Rd2 51. Kg3 Re2 52. Kf3 Rd2 1/2-1/2


[Site "https://www.chess.com"]

[Event "Titled Tuesday Blitz July 20 2021"]
[White "LEGENYA1998"]
[Black "Petriashvili, Nikoloz"]
[BlackFideId "13611216"]
[WhiteElo "2426"]
[BlackElo "2430"]
[Result "0-1"]
[Round "03"]
[TimeControl "180+1"]
[Date "2021.07.21"]
[WhiteClock "0:00:20"]
[BlackClock "0:00:45"]

1. e4 c6 2. Nf3 d5 3. Nc3 Bg4 4. h3 Bh5 5. exd5 cxd5 6. Bb5+ Nc6 7. g4 Bg6 8. Ne5 Qd6 9. d4 f6 10. Nxg6 hxg6 11. Qf3 e6 12. Bf4 Qb4 13. O-O-O Kf7 14. Nxd5 Qxb5 15. Nc7 Qc4 16. Nxa8 Qxa2 17. d5 exd5 18. Qxd5+ Qxd5 19. Rxd5 Bb4 20. Rd7+ Nge7 21. Nc7 g5 22. Bg3 Ba5 23. Nd5 Ke6 24. Rd6+ Kf7 25. Nxe7 Kxe7 26. Rdd1 Rc8 27. Kb1 Nd8 28. h4 gxh4 29. Bxh4 Ne6 30. c3 Rc4 31. Rhg1 Rf4 32. Bg3 Rf3 33. Rge1 Bb6 34. Rd6 Be3 35. Rxe6+ Kxe6 36. Rxe3+ Rxe3 37. fxe3 Kd5 38. Kc2 Ke4 39. Kd2 Kf3 40. Bb8 a6 41. Kd3 Kxg4 42. Ke4 f5+ 43. Kd5 g5 44. Kc5 Kf3 45. Kb6 Kxe3 46. Kxb7 f4 47. Ba7+ Kd3 48. Kxa6 g4 49. Kb5 f3 50. Bf2 Ke2 51. Bg3 f2 52. Bxf2 Kxf2 53. c4 g3 54. c5 g2 55. c6 g1=Q 56. c7 Qg4 57. Kb6 Qc8 58. Kc6 Ke3 59. b4 Ke4 60. b5 Ke5 61. b6 Ke6 62. b7 Qd7+ 63. Kb6 Qd6+ 64. Ka7 Qxc7 65. Ka8 Qa5+ 66. Kb8 Kd6 67. Kc8 Qc7# 0-1


[Site "https://www.chess.com"]

[Event "Titled Tuesday Blitz July 20 2021"]
[White "Lazavik, Denis"]
[Black "Krivonosov, Oleg"]
[WhiteFideId "13515110"]
[BlackFideId "11600349"]
[WhiteElo "2436"]
[BlackElo "2469"]
[Result "1-0"]
[Round "03"]
[TimeControl "180+1"]
[Date "2021.07.20"]
[WhiteClock "0:00:11"]
[BlackClock "0:00:01"]

1. d4 d5 2. c4 e6 3. Nf3 Nf6 4. Nc3 Be7 5. Bg5 h6 6. Bxf6 Bxf6 7. e3 O-O 8. Rc1 c6 9. Bd3 Nd7 10. O-O dxc4 11. Bxc4 e5 12. h3 exd4 13. exd4 Re8 14. Qb3 Rf8 15. Qc2 Re8 16. Rfe1 Nf8 17. Rxe8 Qxe8 18. Ne4 Qd8 19. Qb3 Be6 20. Qxb7 Rb8 21. Nxf6+ gxf6 22. Qxa7 Rxb2 23. Bxe6 Nxe6 24. Rxc6 Qd5 25. Rc8+ Kg7 26. Qa8 Qxa8 27. Rxa8 Rb1+ 28. Kh2 Rd1 29. Ra4 Rd3 30. Rc4 Ra3 31. Rc2 Nf4 32. Nh4 h5 33. Nf5+ Kg6 34. Ne7+ Kg7 35. d5 Kf8 36. d6 Ke8 37. Nf5 Kd8 38. Rb2 Ra5 39. Rb8+ Kd7 40. Rb7+ Ke6 41. Ng7+ Kxd6 42. Rxf7 Rxa2 43. Rxf6+ Ke5 44. Rf5+ Ke4 45. f3+ Ke3 46. Rg5 Ra1 47. Nxh5 Ne2 48. Ng3 Nf4 49. Re5+ Kf2 50. Ne4+ 1-0


[Site "https://www.chess.com"]

[Event "Titled Tuesday Blitz July 20 2021"]
[White "Le, Tuan Minh"]
[Black "Rahman, Ziaur"]
[WhiteFideId "12401153"]
[BlackFideId "10200037"]
[WhiteElo "2450"]
[BlackElo "2460"]
[Result "1-0"]
[Round "03"]
[TimeControl "180+1"]
[Date "2021.07.20"]
[WhiteClock "0:00:56"]
[BlackClock "0:00:40"]

1. d4 e6 2. Nf3 c5 3. c3 d5 4. Bf4 Nc6 5. e3 Bd6 6. Bg3 Nge7 7. Nbd2 O-O 8. Bd3 cxd4 9. exd4 f6 10. Qe2 Ng6 11. O-O Nf4 12. Qe3 Nxd3 13. Qxd3 Bxg3 14. hxg3 e5 15. Qb5 e4 16. Ne1 a6 17. Qb3 f5 18. Nc2 Rb8 19. Ne3 Be6 20. f4 b5 21. Rae1 b4 22. Qa4 Qb6 23. Nb3 Qb5 24. Qxb5 axb5 25. Nc5 Kf7 26. g4 g6 27. gxf5 gxf5 28. g4 Rg8 29. Kh2 fxg4 30. f5 Bd7 31. Nxd7 Ra8 32. Ne5+ Nxe5 33. dxe5 bxc3 34. e6+ Kf6 35. Nxd5+ Ke5 36. Nxc3 1-0


[Site "https://www.chess.com"]

[Event "Titled Tuesday Blitz July 20 2021"]
[White "Leitao, Rafael"]
[Black "Parkhov, Yair"]
[WhiteFideId "2101246"]
[BlackFideId "2813408"]
[WhiteElo "2609"]
[BlackElo "2131"]
[Result "0-1"]
[Round "03"]
[TimeControl "180+1"]
[Date "2021.07.21"]
[WhiteClock "0:00:03"]
[BlackClock "0:00:04"]

1. c4 g6 2. g3 Bg7 3. Bg2 Nf6 4. Nf3 O-O 5. Nc3 d5 6. cxd5 Nxd5 7. O-O c5 8. d3 Nxc3 9. bxc3 Bxc3 10. Bh6 Bg7 11. Bxg7 Kxg7 12. Rc1 Qd6 13. Qc2 Nd7 14. Rfd1 e5 15. Nd2 f5 16. Nb3 f4 17. Nxc5 Nxc5 18. Qxc5 Qf6 19. Bf3 Rf7 20. d4 e4 21. Bxe4 fxg3 22. fxg3 Bh3 23. Bf3 Re8 24. d5 g5 25. Qd4 g4 26. Bxg4 Bxg4 27. Qxg4+ Kh8 28. Rf1 Qb6+ 29. Kh1 Rfe7 30. Rb1 Qc5 31. Rbd1 Rxe2 32. Qd4+ Qxd4 33. Rxd4 Rc8 34. d6 Rcc2 35. Rh4 Rcd2 36. Rc1 Rxd6 37. Rc8+ Kg7 38. Rc1 Rdd2 39. Kg1 Rg2+ 40. Kh1 Rgf2 41. Kg1 Rg2+ 42. Kh1 Rge2 43. Kg1 Rxa2 44. Rf1 Rad2 45. Rg4+ Kh6 46. Rh4+ Kg6 47. Rg4+ Kh6 48. Rh4+ Kg5 49. Rxh7 b5 50. Rg7+ Kh6 51. Rff7 Re1+ 52. Rf1 Rxf1+ 53. Kxf1 Kxg7 0-1


[Site "https://www.chess.com"]

[Event "Titled Tuesday Blitz July 20 2021"]
[White "Levine, Joseph"]
[Black "Nazaretyan, Tigran"]
[WhiteFideId "30940346"]
[BlackFideId "24162345"]
[WhiteElo "1802"]
[BlackElo "2214"]
[Result "0-1"]
[Round "03"]
[TimeControl "180+1"]
[Date "2021.07.21"]
[WhiteClock "0:00:07"]
[BlackClock "0:01:59"]

1. e4 c5 2. Nf3 Nc6 3. d4 cxd4 4. Nxd4 Nf6 5. Nc3 d6 6. Bc4 e5 7. Nxc6 bxc6 8. O-O Be7 9. h3 O-O 10. Be3 Bb7 11. Bg5 h6 12. Bxf6 Bxf6 13. Qd3 Be7 14. Rad1 Qb6 15. Bb3 Ba6 16. Bc4 Bxc4 17. Qxc4 Qxb2 18. Rb1 Qxc2 19. Rfc1 Qd2 20. Qxc6 Rac8 21. Qd7 Bg5 22. h4 Bxh4 23. g3 Bxg3 24. Ne2 Qxe2 25. Rxc8 Qxf2+ 26. Kh1 Qh2# 0-1


[Site "https://www.chess.com"]

[Event "Titled Tuesday Blitz July 20 2021"]
[White "Lovkov, Roman"]
[Black "Aldokhin, Ivan"]
[WhiteFideId "4157389"]
[BlackFideId "24115720"]
[WhiteElo "2387"]
[BlackElo "2306"]
[Result "1-0"]
[Round "03"]
[TimeControl "180+1"]
[Date "2021.07.20"]
[WhiteClock "0:00:37"]
[BlackClock "0:00:05"]

1. e4 c5 2. d4 cxd4 3. c3 d3 4. Bxd3 Nc6 5. c4 Nf6 6. Nc3 d6 7. h3 e6 8. Nf3 Be7 9. O-O O-O 10. Qe2 b6 11. Rd1 Bb7 12. e5 dxe5 13. Bxh7+ Kxh7 14. Rxd8 Raxd8 15. Nxe5 Nd4 16. Qd3+ Kg8 17. Qf1 Ne4 18. Nxe4 Bxe4 19. Bf4 f6 20. Ng4 e5 21. Be3 Nc2 22. Rd1 f5 23. Nxe5 Nxe3 24. fxe3 Bc5 25. Ng6 Bxe3+ 26. Kh2 Rfe8 27. Rxd8 Rxd8 28. Ne7+ Kh7 29. Nxf5 Bc5 30. Qe2 Bxf5 31. Qh5+ Kg8 32. Qxf5 Bd6+ 33. g3 Bc5 34. Qe6+ Kh8 35. Qe2 Bb4 36. Qh5+ Kg8 37. h4 Rd2+ 38. Kh3 Bd6 39. Qe8+ Kh7 40. Qe4+ Kh8 41. b3 Rd1 42. Kg4 Rg1 43. Qd3 Rxg3+ 44. Qxg3 Bxg3 45. Kxg3 Kg8 46. Kg4 Kf7 47. Kg5 g6 48. b4 1-0


[Site "https://www.chess.com"]

[Event "Titled Tuesday Blitz July 20 2021"]
[White "Manukyan, Artyom"]
[Black "Timmermans, Mark"]
[WhiteFideId "13305786"]
[BlackFideId "1026399"]
[WhiteElo "2034"]
[BlackElo "2460"]
[Result "0-1"]
[Round "03"]
[TimeControl "180+1"]
[Date "2021.07.21"]
[WhiteClock "0:00:07"]
[BlackClock "0:01:07"]

1. e4 e5 2. Nf3 Nc6 3. Bb5 f5 4. Nc3 fxe4 5. Nxe4 d5 6. Nxe5 dxe4 7. Nxc6 Qg5 8. Qe2 Nf6 9. f4 Qxf4 10. Ne5+ c6 11. d4 Qh4+ 12. g3 Qh3 13. Bc4 Be6 14. Bf4 O-O-O 15. O-O-O Bd6 16. Kb1 Bc7 17. Rhg1 Rhe8 18. Nf7 Rd7 19. Ng5 Bxc4 20. Qxc4 Qg4 21. Bxc7 Kxc7 22. Nf7 Qh5 23. Ne5 Rxe5 24. g4 Nxg4 25. dxe5 Rxd1+ 26. Rxd1 Ne3 27. Rd7+ Kxd7 28. Qd4+ Kc8 29. Kc1 Qd1+ 0-1


[Site "https://www.chess.com"]

[Event "Titled Tuesday Blitz July 20 2021"]
[White "Manzone, Alessandro"]
[Black "Mujumdar, Sameer"]
[WhiteFideId "112488"]
[BlackFideId "2029707"]
[WhiteElo "2327"]
[BlackElo "2104"]
[Result "1-0"]
[Round "03"]
[TimeControl "180+1"]
[Date "2021.07.21"]
[WhiteClock "0:00:10"]
[BlackClock "0:00:17"]

1. d4 d5 2. c4 c6 3. Nc3 Nf6 4. e3 a6 5. Nf3 Bg4 6. b3 e6 7. Bb2 b5 8. Be2 Nbd7 9. O-O Bd6 10. Qc2 O-O 11. e4 b4 12. e5 bxc3 13. Bxc3 Bc7 14. exf6 Nxf6 15. Ne5 Bxe2 16. Qxe2 Ne4 17. Bb2 Bxe5 18. dxe5 Qb6 19. Kh1 f5 20. exf6 Nxf6 21. Qxe6+ Kh8 22. cxd5 Nxd5 23. Qe5 Ra7 24. Rae1 h6 25. Qd6 Raf7 26. Qxh6+ Kg8 27. Qe6 Qa5 28. Re4 Qxa2 29. Bxg7 Nc7 30. Qc4 Kxg7 31. Rg4+ Kf6 32. Qxc6+ Ne6 33. Re1 Qxb3 34. Rf4+ Kg7 35. Rg4+ Kf6 36. Rge4 Re7 37. R4e3 Qb5 38. Qf3+ Qf5 39. Qxf5+ Kxf5 40. Rf3+ Kg6 41. Rxf8 1-0


[Site "https://www.chess.com"]

[Event "Titled Tuesday Blitz July 20 2021"]
[White "Mazi, Leon"]
[Black "Zierk, Steven"]
[WhiteFideId "14600315"]
[BlackFideId "2034255"]
[WhiteElo "2333"]
[BlackElo "2494"]
[Result "0-1"]
[Round "03"]
[TimeControl "180+1"]
[Date "2021.07.21"]
[WhiteClock "0:00:12"]
[BlackClock "0:00:17"]

1. e4 e6 2. d4 d5 3. Nd2 c5 4. exd5 Qxd5 5. Ngf3 cxd4 6. Bc4 Qd7 7. O-O Nc6 8. Nb3 Nf6 9. Nbxd4 Nxd4 10. Nxd4 a6 11. Re1 Bc5 12. Be3 O-O 13. c3 Qc7 14. Bb3 b6 15. Qf3 Bb7 16. Qh3 Be4 17. Bg5 Bg6 18. Qh4 Bxd4 19. Qxd4 Nd7 20. Be7 Rfe8 21. Bd6 Qc6 22. Ba4 b5 23. Bb3 Rad8 24. Rad1 a5 25. a4 Nb6 26. Qc5 Qxc5 27. Bxc5 Nxa4 28. Bxa4 bxa4 29. f3 Rb8 30. Ba3 Red8 31. Kf2 Bc2 32. Rxd8+ Rxd8 33. Re5 Rd2+ 34. Kg1 Bb3 35. Rxa5 f6 36. Ra7 e5 37. h4 h5 38. Kh2 Bc4 39. Kg1 Bb3 40. Kh2 Re2 41. Kg3 e4 42. fxe4 Rxe4 43. Bb4 Rg4+ 44. Kh3 Bd5 45. g3 Bb3 46. Kg2 Re4 47. Kf3 Bd5 48. Kf2 Bc6 49. Rc7 Re6 50. Rc8+ Kh7 51. Rc7 Bb5 52. Bf8 Re2+ 53. Kf3 Rxb2 54. Bxg7 Kg6 55. Bh8 a3 56. Ra7 a2 57. Rg7+ Kf5 58. Ra7 Bc4 59. Bg7 Rb3 60. Ke3 Rxc3+ 61. Kd4 Rc1 62. Ra5+ Kg6 63. Bxf6 Kxf6 64. Ra3 a1=Q+ 0-1


[Site "https://www.chess.com"]

[Event "Titled Tuesday Blitz July 20 2021"]
[White "Megaranto, Susanto"]
[Black "Ouellet, Maili-Jade"]
[WhiteFideId "7101384"]
[BlackFideId "2620472"]
[WhiteElo "2644"]
[BlackElo "1886"]
[Result "1-0"]
[Round "03"]
[TimeControl "180+1"]
[Date "2021.07.21"]
[WhiteClock "0:01:48"]
[BlackClock "0:00:59"]

1. e4 c5 2. Nf3 d6 3. Bb5+ Nd7 4. c3 Nf6 5. Qe2 g6 6. O-O Bg7 7. d4 O-O 8. e5 Nd5 9. e6 N7b6 10. exf7+ Kh8 11. dxc5 dxc5 12. Ng5 e5 13. Bd3 Qc7 14. Nxh7 Qxf7 15. Nxf8 Bxf8 16. Na3 Bg7 17. Nc4 Nf4 18. Bxf4 exf4 19. Ne5 Bxe5 20. Qxe5+ Kg8 21. Rfe1 c4 22. Bc2 Bd7 23. Qg5 1-0


[Site "https://www.chess.com"]

[Event "Titled Tuesday Blitz July 20 2021"]
[White "Melikhov, Evgeny V."]
[Black "Zhigalko, Sergei"]
[WhiteFideId "4122046"]
[BlackFideId "13502956"]
[WhiteElo "1965"]
[BlackElo "2662"]
[Result "0-1"]
[Round "03"]
[TimeControl "180+1"]
[Date "2021.07.21"]
[WhiteClock "0:00:48"]
[BlackClock "0:00:07"]

1. d4 Nf6 2. c4 e6 3. Nc3 Bb4 4. Qc2 O-O 5. a3 Bxc3+ 6. Qxc3 d6 7. Nf3 Nbd7 8. b3 b6 9. Bb2 Bb7 10. e3 Ne4 11. Qc2 f5 12. Be2 Rf6 13. O-O Rg6 14. Rad1 Qe7 15. d5 c5 16. Nd2 exd5 17. cxd5 Bxd5 18. Bc4 Bxc4 19. Qxc4+ Kh8 20. Nxe4 fxe4 21. Rd5 Rf8 22. Rfd1 Qh4 23. g3 Rxf2 24. Kxf2 Qxh2+ 25. Ke1 Rxg3 26. Rf5 Rxe3+ 27. Kf1 Qh3+ 28. Kf2 Qg3+ 29. Kf1 Qh3+ 30. Kf2 Rg3 31. Qf7 Rg2+ 32. Ke1 Qe3+ 33. Kf1 Qe2# 0-1


[Site "https://www.chess.com"]

[Event "Titled Tuesday Blitz July 20 2021"]
[White "Molina, Roberto Junio Brito"]
[Black "Vlassov, Nikolai"]
[WhiteFideId "2109450"]
[BlackFideId "4103360"]
[WhiteElo "2402"]
[BlackElo "2407"]
[Result "1-0"]
[Round "03"]
[TimeControl "180+1"]
[Date "2021.07.20"]
[WhiteClock "0:00:20"]
[BlackClock "0:00:13"]

1. d4 Nf6 2. c4 Nc6 3. Nf3 e6 4. Nc3 Bb4 5. Qc2 d6 6. a3 Bxc3+ 7. Qxc3 Qe7 8. g3 e5 9. d5 Nb8 10. Bg2 O-O 11. O-O a5 12. b4 axb4 13. axb4 Rxa1 14. Qxa1 Na6 15. Qc3 c6 16. dxc6 bxc6 17. Ba3 Ne4 18. Qc2 f5 19. Nd2 d5 20. cxd5 cxd5 21. Nxe4 fxe4 22. Qb2 Bg4 23. b5 Nc5 24. Rc1 Rc8 25. h3 Bd7 26. b6 Na4 27. b7 Rb8 28. Bxe7 Nxb2 29. Rc7 Be6 30. f3 exf3 31. Bxf3 e4 32. Bg4 Bxg4 33. hxg4 Kf7 34. Ba3+ Ke6 35. Bxb2 Kd6 36. Rxg7 Kc6 37. Bd4 Rxb7 38. Rxb7 Kxb7 39. Kf2 Kc6 40. Ke3 1-0


[Site "https://www.chess.com"]

[Event "Titled Tuesday Blitz July 20 2021"]
[White "Moroni, Luca Jr"]
[Black "Derige Kane, Yan"]
[WhiteFideId "865834"]
[BlackFideId "20665431"]
[WhiteElo "2491"]
[BlackElo "2169"]
[Result "1-0"]
[Round "03"]
[TimeControl "180+1"]
[Date "2021.07.20"]
[WhiteClock "0:00:29"]
[BlackClock "0:00:02"]

1. d4 Nf6 2. c4 e6 3. Nc3 Bb4 4. Nf3 b6 5. Qb3 c5 6. dxc5 bxc5 7. a3 Ba5 8. Bd2 Nc6 9. e3 O-O 10. Be2 d5 11. cxd5 exd5 12. Qa4 Bd7 13. Bb5 Rc8 14. O-O Qb6 15. Rfd1 a6 16. Bxc6 Bxc6 17. Qc2 d4 18. Na4 Bxa4 19. Qxa4 Bxd2 20. Rxd2 dxe3 21. fxe3 c4 22. Nd4 Ng4 23. Re1 Rfe8 24. Qd7 Qh6 25. Qxg4 c3 26. bxc3 Rxc3 27. Nf5 Qf6 28. Rf1 Kh8 29. Nd6 1-0


[Site "https://www.chess.com"]